AoeStats
← mowmipirat

Black Forest

509600868Analyzed
4v4 RM · 5d ago on Sep 27, 2026· 23m 46s· 8 players
Game mode
Random Map
Map size
Large (8 player)
Population
200
Speed
Normal
Resources
Standard
Victory
Conquest
Starting age
Dark Age
Ending age
Imperial Age
RankedLock teamsTeams togetherTeam positionsShared explorationLock speedFull tech treeHidden civsTurbo modeCheats
Victory
Defeat
🇨🇳 Bohemians · China
742
+14
🇨🇳 Britons · China
735
+14
🇨🇳 Britons · China
699
+15
🇨🇳 Persians · China
692
+16
🇵🇱 Poles · Poland
758
-18
🇺🇸 Teutons · United States
699
-15
🇧🇷 Sicilians · Brazil
677
-14
🇪🇸 Byzantines · Spain
617
-12
m19951314735
0:43 Loom
15:20 Feudal Age
20:02 Castle Age
17:55 Double-Bit Axe
17:54 Horse Collar
18:54 Stone Mining
19:01 Gold Mining
20:03 Bloodlines
24:12 Wheelbarrow
爆脆星星堡
12:46 Feudal Age
15:46 Wheelbarrow
21:36 Castle Age
19:50 Gold Mining
19:51 Stone Mining
20:14 Double-Bit Axe
21:08 Horse Collar
23:08 Hand Cart
冷冷的风
12:02 Feudal Age
13:21 Wheelbarrow
12:28 Horse Collar
12:36 Double-Bit Axe
18:45 Castle Age
16:40 Stone Mining
20:03 Hand Cart
21:08 Stone Mining
21:33 Bow Saw
22:24 Gold Mining
22:39 Heavy Plow
ksffvbh
0:36 Loom
16:29 Feudal Age
19:39 Wheelbarrow
19:22 Horse Collar
19:30 Double-Bit Axe
22:49 Castle Age
21:42 Town Watch
24:02 Hand Cart
Gracious__Buds
0:27 Loom
14:32 Feudal Age
15:53 Wheelbarrow
15:04 Horse Collar
15:12 Double-Bit Axe
15:21 Gold Mining
15:25 Stone Mining
23:12 Castle Age
mowmipirat
3:04 Loom
11:27 Feudal Age
12:07 Double-Bit Axe
13:22 Horse Collar
15:28 Gold Mining
20:38 Castle Age
19:18 Stone Mining
21:34 Bow Saw
22:08 Heavy Plow
22:48 Stone Shaft Mining
JuananRoca
10:12 Feudal Age
10:52 Double-Bit Axe
13:40 Wheelbarrow
15:30 Horse Collar
21:32 Castle Age
20:50 Gold Mining
22:40 Hand Cart
23:18 Husbandry
Ironkinghard
15:43 Feudal Age
17:34 Wheelbarrow
16:42 Horse Collar
16:51 Double-Bit Axe
18:50 Gold Mining
22:43 Castle Age
22:21 Forging
Connection lost

Rejoining the realm…

Still unreachable

The connection could not be restored.

Session expired

The server has moved on; the page needs a fresh start.